AoeStats
← AiM | Facu1414

African Clearing

505161692Analyzed
4v4 RM · 25d ago on Sep 8, 2026· 50m 50s· 8 players
Game mode
Random Map
Map size
Large (8 player)
Population
200
Speed
Normal
Resources
Standard
Victory
Conquest
Starting age
Dark Age
Ending age
Imperial Age
RankedLock teamsTeams togetherTeam positionsShared explorationLock speedFull tech treeHidden civsTurbo modeCheats
Victory
Defeat
🇺🇸 Dravidians · United States
1630
+12
🇺🇸 Ethiopians · United States
1603
+13
🇺🇸 Hindustanis · United States
1596
+14
🇺🇸 Sicilians · United States
1488
+18
🇺🇸 Mapuche · United States
1575
-16
🇲🇽 Malians · Mexico
1544
-14
🇦🇷 Bohemians · Argentina
1532
-14
🇦🇷 Burmese · Argentina
1512
-13
AIM | Agua cate 98
9:01 Loom
13:35 Feudal Age
15:17 Double-Bit Axe
17:52 Castle Age
19:12 Bow Saw
20:09 Fervor
20:20 Sanctity
21:07 Wheelbarrow
23:48 Horse Collar
26:46 Redemption
26:40 Town Watch
28:18 Hand Cart
29:16 Town Patrol
32:07 Chemistry
38:48 Imperial Age
35:56 Pikeman
36:37 Squires
37:33 Scale Mail Armor
37:43 Forging
37:25 Fletching
38:39 Chain Mail Armor
39:05 Treadmill Crane
39:35 Masonry
40:06 Iron Casting
39:22 Fletching
39:02 Halberdier
40:29 Plate Mail Armor
40:28 Houfnice
41:50 Arson
43:10 Blast Furnace
42:06 Bodkin Arrow
44:22 Wagenburg Tactics
45:29 Conscription
47:37 Bracer
50:44 Guard Tower
50:59 Siege Engineers
AiM | Facu1414
13:12 Feudal Age
11:31 Loom
13:16 Feudal Age
17:37 Castle Age
16:15 Padded Archer Armor
18:23 Horse Collar
25:10 Devotion
28:21 Bloodlines
29:30 Wheelbarrow
28:40 Town Watch
29:41 Husbandry
30:00 Scale Mail Armor
30:10 Forging
30:07 Pikeman
30:58 Fletching
33:39 Chain Mail Armor
33:46 Squires
34:36 Man-at-Arms
35:41 Forging
38:38 Iron Casting
39:18 Gold Mining
40:09 Hand Cart
43:22 Imperial Age
41:56 Long Swordsman
42:43 Gambesons
42:44 Arson
43:57 Scale Barding Armor
43:34 Elite Battle Elephant
43:49 Two-Handed Swordsman
43:50 Halberdier
45:02 Plate Mail Armor
44:47 Champion
47:08 Blast Furnace
47:28 Chemistry
47:55 Bodkin Arrow
JonnyTheMonkey
10:33 Loom
12:46 Feudal Age
16:59 Castle Age
15:37 Fletching
22:52 Town Watch
23:44 Double-Bit Axe
28:34 Bow Saw
38:11 Imperial Age
36:32 Horse Collar
38:38 Heavy Plow
38:34 Gold Mining
40:45 Wheelbarrow
41:54 Malon
43:36 Conscription
43:26 Butalmapu
43:35 Bodkin Arrow
43:58 Forging
45:49 Iron Casting
50:19 Blast Furnace
49:52 Capped Ram
AiM | Fubuki Sinri
10:18 Loom
12:53 Feudal Age
16:47 Castle Age
16:02 Double-Bit Axe
18:14 Scale Mail Armor
24:18 Horse Collar
25:34 Squires
26:45 Arson
27:54 Wheelbarrow
27:05 Town Watch
27:49 Forging
31:22 Hand Cart
30:52 Town Watch
31:56 Heavy Plow
32:07 Bow Saw
34:00 Bloodlines
33:51 Husbandry
38:04 Imperial Age
36:10 Scale Barding Armor
37:26 Iron Casting
37:09 Gold Mining
37:09 Stone Mining
38:38 Chain Barding Armor
38:10 Heavy Camel Rider
39:00 Farimba
40:52 Plate Barding Armor
42:33 Conscription
44:29 Fletching
45:30 Gold Shaft Mining
45:30 Stone Shaft Mining
47:14 Light Cavalry
50:49 Crop Rotation
HRA | TheRevMiracle
4:32 Loom
12:51 Feudal Age
13:53 Double-Bit Axe
18:21 Castle Age
19:33 Bow Saw
20:50 Wheelbarrow
22:41 Horse Collar
25:27 Scale Barding Armor
25:59 Town Watch
27:26 Bloodlines
27:30 Heavy Plow
28:37 Husbandry
28:50 Forging
29:48 Stone Mining
29:49 Gold Mining
31:40 Chain Barding Armor
35:10 Iron Casting
38:25 Imperial Age
38:30 Cavalier
39:51 Plate Barding Armor
39:26 Capped Ram
41:12 Hand Cart
45:26 Blast Furnace
44:52 Hauberk
48:58 Scale Mail Armor
48:56 Elite Serjeant
49:10 Light Cavalry
50:58 Chain Mail Armor
KSGabriel
6:37 Loom
15:10 Feudal Age
16:32 Double-Bit Axe
19:13 Castle Age
17:07 Horse Collar
21:13 Bow Saw
23:48 Wheelbarrow
25:11 Fletching
26:35 Stone Mining
28:16 Hand Cart
29:53 Gold Mining
33:11 Imperial Age
31:54 Scale Mail Armor
33:07 Chain Mail Armor
38:01 Chain Mail Armor
37:57 Bodkin Arrow
40:50 Conscription
40:46 Forging
43:24 Iron Casting
47:59 Blast Furnace
50:18 Chemistry
49:50 Padded Archer Armor
JaM DaDDy
5:13 Loom
14:54 Feudal Age
15:29 Double-Bit Axe
15:47 Horse Collar
18:24 Castle Age
16:41 Horse Collar
17:28 Town Watch
19:18 Bow Saw
20:38 Wheelbarrow
20:56 Heavy Plow
23:46 Stone Mining
25:03 Gold Mining
27:10 Hand Cart
30:58 Fletching
31:35 Bodkin Arrow
35:39 Imperial Age
33:50 Ballistics
34:05 Thumb Ring
34:00 Padded Archer Armor
35:50 Husbandry
36:06 Leather Archer Armor
35:41 Elite Elephant Archer
36:31 Bracer
37:33 Chemistry
37:45 Conscription
39:06 Two-Man Saw
38:37 Ring Archer Armor
38:45 Coinage
39:26 Medical Corps
41:24 Banking
41:36 Wootz Steel
41:37 Masonry
44:59 Guilds
48:56 Hoardings
JadeArrowGamer
11:48 Feudal Age
15:19 Castle Age
13:09 Town Watch
13:17 Double-Bit Axe
16:03 Loom
16:24 Scale Mail Armor
25:01 Town Watch
28:02 Horse Collar
31:53 Heavy Plow
32:04 Bow Saw
36:27 Wheelbarrow
36:18 Gold Mining
39:52 Imperial Age
39:20 Gold Shaft Mining
39:10 Hand Cart
39:39 Masonry
40:06 Onager
40:49 Torsion Engines
41:20 Siege Engineers
42:52 Siege Onager
45:40 Two-Man Saw
46:27 Halberdier
47:47 Chain Mail Armor
47:42 Forging
47:34 Squires
49:39 Plate Mail Armor
49:31 Ballistics
49:03 Fletching
50:26 Town Patrol
Connection lost

Rejoining the realm…

Still unreachable

The connection could not be restored.

Session expired

The server has moved on; the page needs a fresh start.